 Dungeon Crawl Stone Soup version 0.27.1-33-g824d729ab1 (webtiles) character file.

Game seed: 16612362129417920359

15 comborobin the Covert (level 2, -2/29 HPs)
             Began as a Gnoll Delver on Dec 27, 2021.
             Was an Initiate of Okawaru.
             Slain by a bullfrog zombie (4 damage)
             ... on level 6 of the Dungeon.
             The game lasted 00:00:36 (214 turns).

comborobin the Covert (Gnoll Delver)                 Turns: 214, Time: 00:00:37

Health: -2/29      AC:  3    Str: 17    XL:     2   Next: 50%
Magic:  2/2        EV: 13    Int:  9    God:    Okawaru [......]
Gold:   0          SH:  0    Dex: 13    Spells: 1/1 levels left

rFire    . . .     SeeInvis .   a - +0 falchion
rCold    . . .     Faith    .   (no shield)
rNeg     . . .     Spirit   .   b - +0 leather armour
rPois    .         Reflect  .   (no helmet)
rElec    .         Harm     .   (no cloak)
rCorr    .         Rampage  .   (no gloves)
Will     .....                  (no boots)
Stlth    ++++......             (no amulet)
HPRegen  0.09/turn              j - +6 ring of strength
MPRegen  0.08/turn              (no ring)

@: hasted, very quick
A: fangs 1, strong nose, distributed training
a: Renounce Religion


You were on level 6 of the Dungeon.
You worshipped Okawaru.
Okawaru was noncommittal.
You visited 1 branch of the dungeon, and saw 2 of its levels.

Inventory:

Hand Weapons
 a - a +0 falchion (weapon)
 i - a +0 falchion
Armour
 b - a +0 leather armour (worn)
Jewellery
 j - a +6 ring of strength (left hand)
Wands
 g - a wand of digging (7)
Scrolls
 c - a scroll of fog
 d - a scroll of magic mapping
 e - a scroll of fear
Potions
 h - a potion of cancellation {unknown}


   Skills:
 + Level 6.5 Fighting
 + Level 0.4 Short Blades
 + Level 4.5 Long Blades
 + Level 0.4 Axes
 + Level 0.4 Maces & Flails
 + Level 0.4 Polearms
 + Level 0.4 Staves
 + Level 0.4 Slings
 + Level 0.4 Bows
 + Level 0.4 Crossbows
 + Level 0.4 Throwing
 + Level 0.4 Armour
 + Level 4.5 Dodging
 + Level 9.5 Stealth
 + Level 0.4 Shields
 + Level 0.4 Unarmed Combat
 + Level 0.4 Spellcasting
 + Level 0.2 Conjurations
 + Level 0.2 Hexes
 + Level 0.2 Summonings
 + Level 0.2 Necromancy
 + Level 0.2 Translocations
 + Level 0.2 Transmutations
 + Level 0.2 Fire Magic
 + Level 0.2 Ice Magic
 + Level 0.2 Air Magic
 + Level 0.2 Earth Magic
 + Level 0.2 Poison Magic
 + Level 0.5 Invocations
 + Level 0.4 Evocations


You had one spell level left.
You didn't know any spells.
Your spell library was empty.

Dungeon Overview and Level Annotations

Branches:
Dungeon (6/15)
 Temple: D:4-7

Altars:
Dithmenos
Fedhas
Gozag
Okawaru


Innate Abilities, Weirdness & Mutations

You have very sharp teeth.
Your uncanny sense of smell can sniff out nearby items.
Your experience applies equally to all skills.


Message History

The centaur zombie kicks you. The centaur zombie hits you.
The centaur zombie kicks you.
You see here a +6 ring of strength.
j - a +6 ring of strength The centaur zombie misses you.
You riposte.
You hit the centaur zombie.
The centaur zombie is moderately damaged.
The centaur zombie kicks you. The centaur zombie hits you.
The centaur zombie barely misses you. The centaur zombie hits you.
The centaur zombie barely misses you.
Found 14 arrows.
Found an iron altar of Okawaru.
Okay, then.
Okay, then.
You feel yourself speed up. The centaur zombie hits you.
The centaur zombie misses you. The gnoll sergeant barely misses you.
Okay, then.
You feel stronger.
j - a +6 ring of strength (left hand)
A bullfrog zombie comes into view.
The bullfrog zombie closely misses you.
A hound comes into view.
The bullfrog zombie hits you.
* * * LOW HITPOINT WARNING * * *
Found a glowing purple potion.
The gnoll shouts!
The hound bites the plant.
The plant begins to die.
The gnoll sergeant hits the plant with a +0 spear!
The bullfrog zombie barely misses you.
The centaur zombie hits the plant.
The plant begins to die.
The centaur zombie kicks the plant.
The gnoll closely misses you.
There is an iron altar of Okawaru here.
You kneel at the altar of Okawaru.
Okawaru welcomes you! The bullfrog zombie hits you.
* * * LOW HITPOINT WARNING * * *
The gnoll sergeant hits the plant with a +0 spear.
The centaur zombie hits the plant.
The centaur zombie kicks the plant.
Unknown command.
Press < or > to pray at altars.
The bullfrog zombie hits you.
You die...

#...........#
#..♣♣♣♣♣♣♣g.# #.
♣♣♣♣♣♣..#
♣....g..#
♣...Zgg.#
♣..PPPP.#
♣.(P...h##
..♣♣..P.g...##.#
......P@Z......#
!..........###.#
..........## #
#######.### ...
.... ###.# #h#
#.∆


You could see a gnoll sergeant, 2 hounds, 4 gnolls, a bullfrog zombie and a
centaur zombie.

Vanquished Creatures
  A howler monkey skeleton (D:6)
  An ufetubus (D:6)
2 creatures vanquished.

Notes
Turn   | Place    | Note
-------+----------+-------------------------------------------
     0 | D:5      | Reached skill level 9 in Stealth
     0 | D:5      | comborobin the Gnoll Delver began the quest for the Orb.
     0 | D:5      | Reached XP level 1. HP: 23/23 MP: 1/1
     2 | D:5      | Found a shadowy altar of Dithmenos.
    16 | D:6      | Noticed a centaur
    78 | D:6      | Reached XP level 2. HP: 19/29 MP: 2/2
   187 | D:6      | Noticed a gnoll sergeant
   200 | D:6      | Found an iron altar of Okawaru.
   213 | D:6      | Became a worshipper of Warmaster Okawaru
   214 | D:6      | Slain by a bullfrog zombie

Illustrated notes

Levels and vault maps discovered:
D:5:      layout_loops_cross, nicolae_overflow_hidden_temple,
          minmay_temple_entry_large_hall, serial_bayou_pond_b,
          minmay_statues_item, nicolae_shop_overcharged_wands
D:6:      layout_loops_ring, mainiacjoe_overflow_chevrons

Skill      XL: | |
---------------+-+-----
Stealth        | |  9.5
Fighting       | |  6.5
Short Blades   | |  0.4
Long Blades    | |  4.5
Axes           | |  0.4
Maces & Flails | |  0.4
Polearms       | |  0.4
Staves         | |  0.4
Slings         | |  0.4
Bows           | |  0.4
Crossbows      | |  0.4
Throwing       | |  0.4
Armour         | |  0.4
Dodging        | |  4.5
Shields        | |  0.4
Unarmed Combat | |  0.4
Spellcasting   | |  0.4
Conjurations   | |  0.2
Hexes          | |  0.2
Summonings     | |  0.2
Necromancy     | |  0.2
Translocations | |  0.2
Transmutations | |  0.2
Fire Magic     | |  0.2
Ice Magic      | |  0.2
Air Magic      | |  0.2
Earth Magic    | |  0.2
Poison Magic   | |  0.2
Invocations    | |  0.5
Evocations     | |  0.4

Action                   || total
-------------------------++-------
Melee: Falchion          ||    11
  Use: Potion            ||     1
Armor: Leather armour    ||     6
Dodge: Dodged            ||    27
       Rpst.: Falchion   ||     4
